 Dungeon Crawl Stone Soup version 0.29.0-13-gc9e81de378 (webtiles) character file.

Game seed: 14217674514856547899

3213 RePankoism the Geomancer (level 9, -9/59 HPs)
             Began as a Gargoyle Earth Elementalist on Sept 7, 2022.
             Was an Initiate of Vehumet.
             Killed by an exploding killer bee (19 damage)
             ... ignited by their inner flame
             ... on level 8 of the Dungeon on Sept 8, 2022.
             The game lasted 00:36:48 (7263 turns).

RePankoism the Geomancer (GrEE)                     Turns: 7263, Time: 00:36:49

Health: -9/59      AC: 15    Str: 11    XL:     9   Next: 97%
Magic:  23/27      EV: 11    Int: 21    God:    Vehumet [......]
Gold:   356        SH:  5    Dex: 10    Spells: 14/20 levels left

rFire   + . .      SeeInvis .   c - +1 whip (elec)
rCold   . . .      Faith    .   (no shield)
rNeg    + . .      Spirit   .   v - +0 acid dragon scales
rPois   ∞          Reflect  +   (no helmet)
rElec   +          Harm     .   k - +0 cloak
rCorr   +          Rampage  .   s - +1 pair of gloves
Will    .....                   (no boots)
Stlth   +.........              p - amulet of reflection
HPRegen 0.19/turn               e - ring of magical power
MPRegen 0.20/turn               w - ring of protection from fire

@: no status effects
A: sickness immunity, AC +6, negative energy resistance 1, electricity
resistance, torment resistance 1, petrification resistance
a: Renounce Religion


You were on level 8 of the Dungeon.
You worshipped Vehumet.
Vehumet was noncommittal.
You visited 2 branches of the dungeon, and saw 9 of its levels.

You collected 356 gold pieces.

Inventory:

Hand Weapons
 c - a +1 whip of electrocution (weapon)
Missiles
 d - 6 silver boomerangs
 n - 5 boomerangs of dispersal
Armour
 a - a +0 robe
 k - a +0 cloak (worn)
 s - a +1 pair of gloves (worn)
 v - +0 acid dragon scales (worn)
Magical Staves
 l - a staff of fire
 q - a staff of death
Jewellery
 e - a ring of magical power (left hand)
 o - a ring of ice
 p - an amulet of reflection (around neck)
 w - a ring of protection from fire (right hand)
Wands
 h - a wand of polymorph (9)
 u - a wand of charming (8)
Scrolls
 f - a scroll of enchant armour
 g - 2 scrolls of vulnerability
 x - 2 scrolls of teleportation {unknown}
 y - a scroll of fog
 z - a scroll of identify
Potions
 b - 2 potions of magic
 i - a potion of lignification
 j - 2 potions of flight {unknown}
 r - a potion of curing
 t - 2 potions of mutation


   Skills:
 + Level 7.8 Fighting
 + Level 5.1 Maces & Flails
 - Level 1.5 Dodging
 - Level 2.1 Stealth
 + Level 6.4 Spellcasting
 - Level 4.0 Conjurations
 - Level 0.7 Transmutations
 + Level 8.8 Earth Magic


You had 14 spell levels left.
You knew the following spells:

 Your Spells              Type           Power      Damage    Failure   Level
a - Sandblast             Erth           86%        2d18      1%          1
b - Passwall              Tmut/Erth      21%        N/A       3%          2
c - Stone Arrow           Conj/Erth      66%        3d11      3%          3

Your spell library contained the following spells:

 Spells                   Type           Power      Damage    Failure   Level
 Apportation              Tloc           12%        N/A       14%         1
 Necrotise                Necr           24%        1d5       14%         1
 Summon Small Mammal      Summ           24%        N/A       14%         1
 Petrify                  Tmut/Erth      26%        N/A       21%         4
 Leda's Liquefaction      Hex/Erth       12%        N/A       24%         4
 Call Canine Familiar     Summ           6%         N/A       41%         3
 Portal Projectile        Hex/Tloc       12%        N/A       41%         3


Dungeon Overview and Level Annotations

Branches:
Dungeon (8/15)             Temple (1/1) D:7
   Lair: D:8-11

Altars:
Ashenzari
Cheibriados
Dithmenos
Elyvilon
Fedhas
Gozag
Hepliaklqana
Kikubaaqudgha
Makhleb
Nemelex Xobeh
Okawaru
Qazlal
Sif Muna
Trog
Uskayaw
Vehumet
Wu Jian
Xom
Yredelemnul
Zin
The Shining One

Annotations:
D:7 1 runed translucent door, quinnr's ghost, novice TeCj


Innate Abilities, Weirdness & Mutations

You are immune to sickness and miasma.
Your stone body is resilient. (AC +6)
You are immune to poison.
You resist negative energy. (rN+)
You are resistant to electric shocks. (rElec)
You are resistant to unholy torment.
You are immune to petrification.


Message History

Press: ? - help, Q - select action, (/) - cycle Dir - look around, f - activate Look: a killer bee (susceptible)
As you read the scroll of immolation, it crumbles to dust.
The creatures around you are filled with an inner flame!
The killer bee stings you but does no damage. x2
The killer bee barely misses you. The killer bee stings you.
The killer bee stings you but does no damage.
You block the killer bee's attack.
You take 2 damage, and have 31/59 hp.
Aiming: Sandblast (safe; 1% risk of failure)
Press: ? - help, Q - select action, (/) - cycle Shift-Dir - straight line, f - killer bee, p - killer bee
Aim: a killer bee (inner flame, 69% to hit)
The blast of sand hits the killer bee!
Flame seeps out of the killer bee.
The killer bee is heavily wounded.
The killer bee stings you. The killer bee barely misses you.
The killer bee is engulfed in blazing flames.
Flame seeps out of the killer bee.
The killer bee barely misses you. You block the killer bee's attack.
The killer bee is engulfed in blazing flames.
Vehumet accepts your kill.
The killer bee explodes!
The fiery explosion engulfs the killer bee!
Flame seeps out of the killer bee.
The killer bee is severely wounded.
The fiery explosion engulfs you! You resist.
The fiery explosion engulfs the killer bee!!
Vehumet accepts your kill.
The fiery explosion engulfs the killer bee!!
Vehumet accepts your kill.
The fiery explosion engulfs the killer bee!!
Vehumet accepts your kill.
The killer bee explodes! x2
The fiery explosion engulfs you! You resist.
* * * LOW HITPOINT WARNING * * *
The killer bee explodes!
The killer bee is engulfed in blazing flames.
Vehumet accepts your kill.
The killer bee explodes!
The fiery explosion engulfs you!! You resist.
You die...

#####+##....
#........y..
+...........
#...........
#........... #......#
#.§....# #####§§§...+
#...@○§§...#
#..§§############
#..§.#...........
#....#...........
###....#'#############+
............###.........
........................
........####^####.......
........# ..... #.....<.


There were no monsters in sight!

Vanquished Creatures
  Pikel (D:4)
  Maggie (D:6)
  Grinder (D:6)
  A water moccasin (D:6)
  3 ice beasts
  2 ogres
  3 centaurs
  3 phantoms
  A necrophage (D:5)
  3 scorpions
  A bullfrog (D:7)
  4 wights
  6 killer bees (D:8)
  A howler monkey (D:6)
  3 jellies
  2 hounds
  2 gnoll boudas
  An orc priest (D:5)
  2 iguanas
  5 orc wizards
  7 adders
  11 gnolls
  A shadow imp (D:6)
  A white imp (D:7)
  An ufetubus (D:6)
  2 worms
  2 dart slugs
  26 orcs
  9 ball pythons
  9 endoplasms
  8 goblins
  7 hobgoblins
  A quokka (D:5)
  2 bats
  A frilled lizard (D:2)
  8 kobolds
  5 rats
147 creatures vanquished.

Notes
Turn   | Place    | Note
-------+----------+-------------------------------------------
     0 | D:1      | RePankoism the Gargoyle Earth Elementalist began the quest
                  | for the Orb.
     0 | D:1      | Reached XP level 1. HP: 10/10 MP: 3/3
    42 | D:1      | Noticed a black bear
    42 | D:1      | Noticed a salamander
    43 | D:1      | Noticed a rime drake
    43 | D:1      | Noticed a komodo dragon
    72 | D:1      | Reached skill level 1 in Fighting
   152 | D:1      | Reached XP level 2. HP: 17/17 MP: 3/5
  1152 | D:2      | Reached XP level 3. HP: 21/21 MP: 6/6
  1206 | D:2      | Learned a level 2 spell: Passwall
  1210 | D:2      | Learned a level 3 spell: Stone Arrow
  1267 | D:2      | Reached skill level 1 in Conjurations
  1495 | D:2      | Reached skill level 4 in Earth Magic
  1676 | D:2      | Reached XP level 4. HP: 19/27 MP: 7/7
  2149 | D:3      | Found an ancient bone altar of Kikubaaqudgha.
  2481 | D:3      | Reached XP level 5. HP: 32/32 MP: 8/8
  2573 | D:3      | Noticed an ogre
  2579 | D:3      | Killed an ogre
  3226 | D:4      | Noticed Pikel
  3228 | D:4      | Noticed a lemure
  3230 | D:4      | Noticed a lemure
  3243 | D:4      | Killed Pikel
  3244 | D:4      | Reached skill level 5 in Earth Magic
  3244 | D:4      | Reached XP level 6. HP: 22/39 MP: 7/11
  3244 | D:4      | Reached XP level 7. HP: 25/44 MP: 7/12
  3257 | D:4      | HP: 2/44 [something/puff of flame (8)]
  3538 | D:4      | Reached skill level 6 in Earth Magic
  3615 | D:4      | Reached skill level 5 in Fighting
  3620 | D:4      | Reached XP level 8. HP: 37/49 MP: 14/14
  3710 | D:4      | Reached skill level 1 in Maces & Flails
  4380 | D:5      | Entered Level 5 of the Dungeon
  5089 | D:6      | Reached skill level 5 in Spellcasting
  5089 | D:6      | Reached skill level 7 in Earth Magic
  5159 | D:5      | Reached XP level 9. HP: 32/56 MP: 17/17
  5489 | D:6      | Found a shimmering blue altar of Sif Muna.
  5489 | D:6      | Noticed Grinder
  5491 | D:6      | Paralysed by Grinder for 5 turns
  5499 | D:6      | Killed Grinder
  5500 | D:6      | Reached skill level 8 in Earth Magic
  5764 | D:6      | Noticed Maggie
  5770 | D:6      | Killed Maggie
  6049 | D:7      | Found a broken altar of Ashenzari.
  6304 | D:7      | Reached skill level 5 in Maces & Flails
  6326 | D:7      | Noticed quinnr's ghost (novice TeCj)
  6329 | D:7      | Found a runed translucent door.
  6519 | D:7      | Found a staircase to the Ecumenical Temple.
  6705 | Temple   | Entered the Ecumenical Temple
  6819 | Temple   | Became a worshipper of Vehumet
  7229 | D:8      | Found a burning altar of Makhleb.
  7263 | D:8      | Killed by an exploding killer bee... ignited by their inner
                  | flame

Illustrated notes

Levels and vault maps discovered:
D:1:      onia_arrival_zoo_common, layout_loops_ring
D:2:      layout_loops_ring, bh_walls_and_bars
D:3:      layout_loops_ring, lemuel_doored_altar, lightli_corner_chamber
D:4:      layout_basic, uniq_pikel
D:5:      layout_rooms
D:6:      layout_rooms, mainiacjoe_overflow_six_doors_small, st_stairs_12,
          uniq_grinder, uniq_maggie
D:7:      layout_basic, old_standard_altar, lemuel_temple_firewalk_a,
          hellmonk_ghost_happy_afterlife
D:8:      layout_gridville, lemuel_tele_altar, minmay_quadrilaterals
Temple:   minmay_temple_bridge_d

Skill      XL: |  1  2  3  4  5  6  7  8  9 |
---------------+----------------------------+-----
Fighting       | 1 2 3 4 5 6 7 |  7.8
Conjurations   | 1 3 4 |  4.0
Earth Magic    | 4 5 6 7 8 |  8.8
Spellcasting   | 3 4 5 6 |  6.4
Maces & Flails | 3 5 |  5.1
Dodging        | |  1.5
Stealth        | |  2.1
Transmutations | |  0.7

Action                   |  1- 3 |  4- 6 |  7- 9 || total
-------------------------+-------+-------+-------++-------
Melee: Short sword       |     8 |       |     5 ||    13
       Whip              |       |       |    11 ||    11
       Punch             |       |       |     1 ||     1
Throw: Boomerang         |       |     3 |       ||     3
 Cast: Sandblast         |    48 |    71 |   151 ||   270
       Stone Arrow       |       |       |     6 ||     6
Evoke: Wand              |       |       |     1 ||     1
  Use: Scroll            |       |     7 |     3 ||    10
       Potion            |       |       |     1 ||     1
Armor: Robe              |     1 |     9 |    28 ||    38
       Acid dragon scale |       |       |    25 ||    25
Dodge: Dodged            |     8 |    24 |    56 ||    88
Block: Other             |       |     7 |    25 ||    32
       Reflection        |       |       |     2 ||     2
